 Dungeon Crawl Stone Soup version 0.29-a0-553-g81b289dbe5 (webtiles) character file.

Game seed: 6441874645647079950

36 shadowstone the Insei (level 3, -4/27 HPs)
             Began as a Djinni Transmuter on June 6, 2022.
             Slain by a worm (6 damage)
             ... on level 2 of the Dungeon.
             The game lasted 00:03:27 (1086 turns).

shadowstone the Insei (Djinni Transmuter)           Turns: 1086, Time: 00:03:27

Health: -4/27      AC:  2    Str: 11    XL:     3   Next: 57%
Gold:   38         EV: 12    Int: 14    God:
                   SH:  0    Dex: 13

rFire   + + .      SeeInvis .   f - +1 mace (venom)
rCold   x . .      Faith    .   (no shield)
rNeg    . . .      Spirit   .   a - +0 robe
rPois   ∞          Reflect  .   (no helmet)
rElec   .          Harm     .   (no cloak)
rCorr   .          Rampage  .   (no gloves)
Will    .....                   (boots unavailable)
Stlth   +.........              (no amulet)
HPRegen 0.09/turn               (no ring)
MPRegen 0.00/turn               (no ring)

@: flying
A: sickness immunity, fire resistance 2, cold vulnerability 1, float, innate
caster, HP casting, extra vitality 1
a: no special abilities


You were on level 2 of the Dungeon.
You visited 1 branch of the dungeon, and saw 2 of its levels.

You collected 38 gold pieces.

Inventory:

Hand Weapons
 d - a +0 short sword
 e - a +0 arbalest
 f - a +1 mace of venom (weapon)
Armour
 a - a +0 robe (worn)
Potions
 b - a potion of lignification
 c - 2 potions of attraction {unknown}


   Skills:
 + Level 1.3 Fighting
 + Level 0.9 Short Blades
 + Level 2.7 Dodging
 + Level 3.2 Unarmed Combat
 + Level 2.0 Spellcasting


You couldn't memorise any spells.
You knew the following spells:

 Your Spells              Type           Power      Damage    Failure   Level
a - Beastly Appendage     Tmut           14%        N/A       11%         1
b - Wereblood             Tmut           7%         N/A       16%         2
c - Spider Form           Tmut/Pois      7%         N/A       30%         3
d - Ice Form              Ice/Tmut       7%         N/A       71%         4
e - Apportation           Tloc           14%        N/A       11%         1
Your spell library was empty.

Dungeon Overview and Level Annotations

Branches:
Dungeon (2/15)

Altars:


Innate Abilities, Weirdness & Mutations

You are immune to sickness and miasma.
You are immune to poison.
Your flesh is very heat resistant. (rF++)
You are vulnerable to cold. (rC-)
You float through the air rather than walking.
You learn spells naturally, not from books.
Your magical power is your life essence.
You have superior vitality. (+4 MHP)


Message History

Terence hits you with a +1 mace of venom!
You are too injured to fight recklessly!
d - a +0 short sword (weapon)
You hit Terence.
You kill Terence!
Your Spellcasting skill increases to level 2!
You have reached level 3!
Your experience leads to an increase in your attributes!
Increase (S)trength, (I)ntelligence, or (D)exterity?
You feel stronger. x2
The power to cast Apportation wells up from within.
Spell assigned to 'e'.
Items here: $ ) [ †.
You hit the worm but do no damage. The worm bites you.
* * * LOW HITPOINT WARNING * * *
You hit the worm.
The worm is lightly wounded.
You hit the worm.
The worm is moderately wounded.
The worm closely misses you.
You completely miss the worm.
The worm is moderately wounded.
You barely miss the worm.
The worm is moderately wounded.
The worm closely misses you.
You completely miss the worm.
The worm is moderately wounded.
The worm bites you!
* * * LOW HITPOINT WARNING * * *
You hit the worm.
The worm is heavily wounded.
Items here: $ ) [ †.
f - a +1 mace of venom A worm is nearby!
Your +1 mace of venom begins to drip with poison!
f - a +1 mace of venom (weapon)
You hit the worm but do no damage.
The worm is poisoned.
The worm is moderately wounded.
The worm bites you.
You die...

#......#............#
#.......†...........#
....#........#.......#
#.#..#..####..##.....##
#.#..#..# #..###....# .
# #.? #..# ##.#.# ...
#..# ##...# ....
#..###...#.# .....
#...w@.#.....#
......####...#)#.#
##### ##.##.#.# #.# .#
# ..# .# ### .#


You could see a worm (very poisoned).

Vanquished Creatures
  Terence (D:2)
  An endoplasm (D:1)
  A giant cockroach (D:1)
  A hobgoblin (D:1)
  A quokka (D:2)
  2 ball pythons (D:1)
  A bat (D:2)
  A frilled lizard (D:2)
  A kobold (D:1)
  2 rats
12 creatures vanquished.

Notes
Turn   | Place    | Note
-------+----------+-------------------------------------------
     0 | D:1      | shadowstone the Djinni Transmuter began the quest for the
                  | Orb.
     0 | D:1      | Reached XP level 1. HP: 17/17 MP: 0/0
   482 | D:1      | Reached XP level 2. HP: 13/22 MP: 0/0
  1061 | D:2      | Noticed Terence
  1071 | D:2      | Killed Terence
  1072 | D:2      | Reached XP level 3. HP: 12/27 MP: 0/0
  1072 | D:2      | Learned a level 1 spell: Apportation
  1080 | D:2      | HP: 1/27 [worm (7)]
  1086 | D:2      | Slain by a worm

Illustrated notes

Levels and vault maps discovered:
D:1:      wheals_arrival_shading, layout_basic, nicolae_ecumenical_lake_church,
          serial_glass, glass_columns_a, glass_columns_a, glass_columns_b
D:2:      layout_loops_ring, cheibrodos_gnoll_hut, uniq_terence, uniq_jessica

Skill      XL: |  1  2 |
---------------+-------+-----
Spellcasting   | 2 |  2.0
Fighting       | |  1.3
Short Blades   | |  0.9
Dodging        | |  2.7
Unarmed Combat | |  3.2

Action                   || total
-------------------------++-------
Melee: Unarmed           ||    12
       Short sword       ||    40
       Headbutt          ||     4
       Punch             ||     2
       Mace              ||     1
 Fire: Arbalest          ||     2
 Cast: Beastly Appendage ||     9
Armor: Robe              ||    12
Dodge: Dodged            ||    53

Table legend: (Time is in decaauts)
 A = Elapsed time spent in this place.
 B = Non-inter-level travel time spent in this place.
 C = Inter-level travel time spent in this place.
 D = Time resting spent in this place.
 E = Time spent auto-exploring this place.
 F = Levels seen in this place.
 G = Mean time per level.
                   A        B        C        D        E       F      G
               +--------+--------+--------+--------+--------+-----+--------+
         Total |   1088 |   1088 |      0 |    683 |      0 |   2 |  544.0 |
       Dungeon |   1088 |   1088 |      0 |    683 |      0 |   2 |  544.0 |
               +--------+--------+--------+--------+--------+-----+--------+

Top non-repeatable levels by time:
     D:1: 664 daAuts
     D:2: 423 daAuts
